 Dungeon Crawl Stone Soup version 0.17-a0-77-gee7a2f2 (webtiles) character file.

17245 Ngotmuk the Carver (level 12, -1/110 HPs)
             Began as a Minotaur Fighter on Mar 13, 2015.
             Was the Champion of Okawaru.
             Slain by a slime creature (11 damage)
             ... on level 11 of the Dungeon on Mar 14, 2015.
             The game lasted 01:09:40 (13099 turns).

Ngotmuk the Carver (Minotaur Fighter)              Turns: 13099, Time: 01:09:40

Health: -1/110     AC: 23    Str: 32    XL:     12   Next: 17%
Magic:  5/5        EV: 16    Int:  5    God:    Okawaru [******]
Gold:   584        SH:  6    Dex: 16    Spells: 0 memorised, 11 levels left

rFire  + + .     SeeInvis .     J - +1 falchion (holy)
rCold  x . .     Clarity  .     v - +1 fire dragon armour
rNeg   . . .     SustAb   .     l - +1 buckler {AC+3}
rPois  .         Gourm    .     (helmet unavailable)
rElec  .         Spirit   .     (no cloak)
rCorr  .         Warding  .     A - +2 pair of gloves {Str+3}
rMut   .         Stasis   +     (no boots)
MR     .....                    j - amulet of stasis
Stlth  ..........               t - +5 ring of strength
                                s - +4 ring of dexterity

@: not resistant to hostile enchantments, extremely unstealthy
A: retaliatory headbutt, horns 3, iridescent scales 1, spit poison 1, wild magic
1
a: Spit Poison, Heroism, Finesse, Renounce Religion


You were on level 11 of the Dungeon.
You worshipped Okawaru.
Okawaru was exalted by your worship.
You were hungry.

You visited 2 branches of the dungeon, and saw 13 of its levels.
You also visited: Labyrinth.

You collected 584 gold pieces.

Inventory:

Hand weapons
 J - a +1 falchion of holy wrath (weapon)
Armour
 h - a +3 ring mail of fire resistance
 l - a +1 buckler of protection (worn)
 v - a +1 fire dragon armour (worn)
 w - a +2 scale mail of magic resistance
 A - a +2 pair of gloves of strength (worn)
 M - a +2 chain mail of fire resistance
 N - a +3 plate armour of magic resistance
Jewellery
 j - an amulet of stasis (around neck)
 s - a +4 ring of dexterity (left hand)
 t - a +5 ring of strength (right hand)
 x - the ring of the Mage {Wiz MR++ Int+3}
   (You found it in a labyrinth)

   [ring of wizardry]

   It improves your spell success rate.
   It affects your intelligence (+3).
   It affects your resistance to hostile enchantments.
 C - an uncursed amulet of rage
 D - an uncursed ring of flight
 F - an uncursed ring of teleport control
 K - an uncursed ring of sustain abilities
Magical devices
 q - a wand of digging (16)
Scrolls
 c - a scroll of random uselessness {unknown}
 g - 6 scrolls of enchant weapon
 i - 6 scrolls of remove curse
 o - a scroll of magic mapping
 p - 2 scrolls of teleportation
 r - 2 scrolls of fear
 y - a scroll of torment {unknown}
 H - a scroll of amnesia
Potions
 b - a potion of resistance
 e - 2 potions of might
 k - 3 potions of haste
 m - 4 potions of curing
 n - a potion of cancellation
 u - 6 potions of heal wounds
 z - 2 potions of magic
 B - a potion of cure mutation
 E - 2 potions of agility
 L - a potion of restore abilities
Comestibles
 d - 6 bread rations
 f - 7 meat rations
 I - 5 royal jellies


   Skills:
 + Level 11.5 Fighting
 * Level 14.9 Long Blades
 + Level 11.1 Armour
 + Level 8.9 Dodging
 + Level 4.6 Shields


You had 11 spell levels left.
You didn't know any spells.

Dungeon Overview and Level Annotations

Branches:
Dungeon (12/15)            Temple (1/1) D:5            Lair (0/8) D:9
    Orc (0/4) D:11

Altars:
Ashenzari
Cheibriados
Dithmenos
Elyvilon
Fedhas
Gozag
Kikubaaqudgha
Makhleb
Nemelex Xobeh
Okawaru
Qazlal
Ru
Sif Muna
Trog
Vehumet
Xom
Yredelemnul
Zin
The Shining One

Shops:
D:5 %   D:12 %


Innate Abilities, Weirdness & Mutations

You reflexively headbutt those who attack you in melee.
You have a pair of large horns on your head.
You are partially covered in iridescent scales (AC +4).
You can spit poison.
Your spells are a little harder to cast, but a little more powerful.


Message History

You slash the slime creature! You headbutt the slime creature!!
The slime creature is almost dead.
You block the large slime creature's attack.
The slime creature hits you!
* * * LOW HITPOINT WARNING * * *
The slime creature hits you!
* * * LOW HITPOINT WARNING * * *
You block the slime creature's attack. The slime creature closely misses you.
You furiously retaliate!
You headbutt the slime creature, but do no damage.
The slime creature hits you but does no damage.
Two slime creatures merge to form a very large slime creature.
The orc shouts!
Two slime creatures merge to form an enormous slime creature.
The orc barely misses you. You block the slime creature's attack.
The orc completely misses you.
There is an escape hatch in the floor here.
The orc hits you but does no damage. The slime creature hits you!
You die...

#################
##J@.............##
##.o...............##
##..C................#
##.J...................
##......................
##.......................
##.......(................
##......())...............<
##..(.....(((...............


You could see an ettin, an enormous slime creature, a slime creature and an orc.

Vanquished Creatures
  A minotaur (Lab)
  A centaur warrior (D:12)
  An unseen horror (D:10)
  A manticore (D:12)
  2 hill giants (D:10)
  An ugly thing (D:12)
  A cyclops (D:11)
  2 gargoyles
  The ghost of Pikaro the Carver, an experienced HESk (D:5)
  4 trolls
  2 two-headed ogres
  5 slime creatures
  9 yaks
  A shadow (D:12)
  2 deep elf magi
  4 hippogriffs
  2 hungry ghosts
  3 orc warriors
  2 water moccasins
  2 porcupines (D:8)
  3 ice beasts
  A wasp (D:8)
  A phantom (D:7)
  2 necrophages
  6 sky beasts
  5 ogres
  12 centaurs
  4 big kobolds
  10 giant frogs
  A wyvern zombie (D:11)
  3 scorpions
  11 wights
  27 killer bees
  A quasit (D:11)
  4 crimson imps
  A goliath beetle (D:10)
  A giant frog zombie (D:11)
  2 jellies
  8 hounds
  2 centaur skeletons
  5 orc priests
  2 giant frog skeletons
  3 iguanas
  13 worker ants
  A hell rat (D:8)
  10 orc wizards
  A mummy (D:10)
  A worker ant zombie (D:9)
  8 adders
  2 river rats (D:8)
  3 worms
  An adder zombie (D:10)
  An adder skeleton (D:4)
  4 giant geckos
  An ooze (D:6)
  43 orcs
  2 ball pythons
  10 bats
  2 bat skeletons
  12 hobgoblins
  12 jackals
  7 quokkas
  5 giant cockroaches
  A giant gecko skeleton (D:4)
  2 giant newts
  2 giant spores
  9 goblins
  A jackal zombie (D:8)
  39 kobolds
  A quokka skeleton (D:4)
  13 rats
  4 ballistomycetes
373 creatures vanquished.

Vanquished Creatures (others)
  A queen bee (D:8)
  A killer bee (D:8)
2 creatures vanquished.

Grand Total: 375 creatures vanquished

Notes
Turn   | Place    | Note
--------------------------------------------------------------
     0 | D:1      | Ngotmuk, the Minotaur Fighter, began the quest for the Orb.
     0 | D:1      | Reached XP level 1. HP: 19/19 MP: 1/1
   194 | D:1      | Reached XP level 2. HP: 27/27 MP: 1/1
   226 | D:1      | Reached skill level 4 in Fighting
   734 | D:2      | Reached XP level 3. HP: 33/33 MP: 2/2
  1211 | D:3      | Reached XP level 4. HP: 32/41 MP: 2/2
  1942 | D:4      | Reached XP level 5. HP: 45/47 MP: 2/2
  2169 | D:4      | Reached skill level 5 in Fighting
  2169 | D:4      | Reached skill level 5 in Long Blades
  2195 | D:4      | Reached skill level 5 in Armour
  2237 | D:4      | Reached XP level 6. HP: 49/56 MP: 3/3
  2673 | D:5      | Entered Level 5 of the Dungeon
  2706 | D:5      | Reached skill level 6 in Long Blades
  2715 | D:5      | Gained mutation: You are partially covered in iridescent scales (AC +4). [mutagenic meat]
  2716 | D:5      | Gained mutation: You are frail (-10% HP). [mutagenic meat]
  2767 | D:5      | Reached skill level 1 in Dodging
  2767 | D:5      | Reached XP level 7. HP: 21/56 MP: 3/3
  3084 | D:5      | Noticed Pikaro's ghost (experienced HESk)
  3097 | D:5      | Killed Pikaro's ghost
  3097 | D:5      | Reached skill level 7 in Long Blades
  3214 | D:5      | Reached XP level 8. HP: 22/63 MP: 3/3
  3445 | D:5      | Reached skill level 8 in Long Blades
  3504 | D:5      | Lost mutation: You are partially covered in iridescent scales (AC +4). [potion of cure mutation]
  3504 | D:5      | Lost mutation: You are frail (-10% HP). [potion of cure mutation]
  3523 | D:5      | Found a sparkling altar of Nemelex Xobeh.
  3523 | D:5      | Found a stormy altar of Qazlal.
  3597 | D:5      | Found a staircase to the Ecumenical Temple.
  3619 | Temple   | Entered the Ecumenical Temple
  3639 | Temple   | Became a worshipper of Warmaster Okawaru
  3651 | D:5      | Found Rutwoawn's Food Shop.
  4702 | D:6      | Found an opulent altar of Gozag.
  5286 | D:7      | Reached skill level 9 in Long Blades
  5347 | D:7      | Found a shimmering altar of Xom.
  5474 | D:7      | Acquired Okawaru's first power
  5474 | D:7      | Reached XP level 9. HP: 67/80 MP: 4/4
  5919 | D:7      | Reached skill level 10 in Long Blades
  5961 | D:7      | Reached skill level 5 in Dodging
  6323 | D:8      | Found a staircase to the Lair.
  6420 | D:8      | Reached skill level 11 in Long Blades
  6444 | D:8      | Reached XP level 10. HP: 52/91 MP: 4/4
  7448 | D:9      | Found a staircase to the Lair.
  7796 | D:9      | Received a gift from Okawaru
  7798 | D:9      | Reached skill level 12 in Long Blades
  8138 | D:10     | Entered Level 10 of the Dungeon
  8156 | D:10     | Gained mutation: Your spells are a little harder to cast, but a little more powerful. [mutagenic meat]
  8431 | D:10     | Reached skill level 10 in Fighting
  8947 | D:10     | Noticed a hill giant
  8955 | D:10     | Killed a hill giant
  9199 | D:10     | Reached skill level 13 in Long Blades
  9204 | D:10     | Reached XP level 11. HP: 100/100 MP: 4/4
  9573 | D:10     | Noticed a hill giant
  9579 | D:10     | Killed a hill giant
  9579 | D:10     | Reached skill level 10 in Armour
  9602 | D:10     | Gained mutation: You can spit poison. [mutagenic meat]
  9603 | D:10     | Gained mutation: You have sharp toenails. [mutagenic meat]
  9631 | D:10     | Killed an unseen horror
  9631 | D:10     | Acquired Okawaru's second power
  9899 | D:9      | Gained mutation: You have a pair of large horns on your head. [potion of mutation]
  9899 | D:9      | Lost mutation: You have sharp toenails. [potion of mutation]
  9899 | D:9      | Gained mutation: You are partially covered in iridescent scales (AC +4). [potion of mutation]
 10357 | D:11     | Found a staircase to the Orcish Mines.
 10359 | D:11     | Found a labyrinth entrance.
 10370 | Lab      | Entered a labyrinth
 11481 | Lab      | Noticed a minotaur
 11500 | Lab      | Killed a minotaur
 11500 | Lab      | Reached skill level 14 in Long Blades
 12471 | D:11     | Identified a scroll of acquirement
 12501 | D:12     | Found Schuizurph's Food Shoppe.
 12712 | D:12     | Noticed a centaur warrior
 12723 | D:12     | Killed a centaur warrior
 12723 | D:12     | Received a gift from Okawaru
 12723 | D:12     | Reached XP level 12. HP: 89/110 MP: 5/5
 13042 | D:12     | Noticed an ettin
 13099 | D:11     | Slain by a slime creature

Action                   |  1- 3 |  4- 6 |  7- 9 | 10-12 || total
-------------------------+-------+-------+-------+-------++-------
Melee: Long sword        |    86 |   114 |   237 |    59 ||   496
       Scimitar          |       |       |       |   101 ||   101
       Falchion          |       |       |       |   346 ||   346
Evoke: Wand              |       |       |       |     1 ||     1
  Use: Scroll            |       |       |    16 |    15 ||    31
       Potion            |       |       |     5 |     4 ||     9
  Eat: Beef jerky        |     1 |       |     2 |     1 ||     4
       Meat ration       |       |     1 |     1 |     2 ||     4
       Chunk             |       |     2 |       |     4 ||     6
       Pizza             |       |       |     1 |       ||     1
       Fruit             |       |       |     2 |     6 ||     8
       Royal jelly       |       |       |       |     2 ||     2
